Map: Oxide LE

Players

Serral - Winner!

  • Race: Zerg Zerg

Hellraiser

  • Race: Protoss Protoss

Event: DreamHack SC2 Masters 2021 Fall

VOD

Have the link to the VOD?

Description

Time

  • Played on: Aug. 6, 2021, 10:22 a.m.
  • Length: 9:39

All games in this series

Show
View Real Time Build Order
Export as new Build Order

Serral Zerg - Winner!

Build Orders: Pool First 

Get SALT Encoding   

  12  0:00  Drone  
  13  0:12  Overlord  
  13  0:16  Drone  
  14  0:30  Drone x2  
  14  0:35  Drone  
  17  0:43  Spawning Pool  
  17  0:47  Drone  
  17  1:07  Hatchery  
  17  1:10  Drone  
  17  1:14  Extractor  
  17  1:15  Drone  
  17  1:30  Queen, Zergling x2  
  20  1:33  Drone  
  20  1:39  Overlord  
  21  1:49  Drone  
  22  2:00  Drone  
  23  2:05  Queen  
  25  2:11  Drone  
  26  2:17  Metabolic Boost  
  26  2:19  Queen, Drone  
  26  2:22  Zergling x2  
  30  2:30  Drone  
  30  2:36  Drone  
  31  2:37  Drone  
  31  2:38  Drone  
  31  2:41  Drone x2  
  35  2:45  Drone  
  35  2:51  Overlord  
  36  3:00  Hatchery  
  36  3:02  Drone  
  36  3:07  Overlord  
  36  3:10  Drone  
  37  3:14  Drone  
  37  3:15  Drone x2  
  37  3:17  Drone  
  37  3:18  Drone  
  42  3:24  Queen  
  44  3:28  Queen  
  44  3:30  Drone  
  47  3:34  Overlord  
  47  3:41  Roach Warren  
  46  3:42  Zergling x4  
  46  3:46  Zergling x4  
  51  3:48  Drone  
  51  3:50  Drone  
  51  3:52  Overlord  
  52  3:56  Overlord  
  52  4:03  Zergling x4  
  52  4:04  Zergling x2  
  54  4:11  Zergling x2  
  54  4:13  Drone x4  
  54  4:14  Queen  
  61  4:19  Lair  
  61  4:22  Drone x2  
  63  4:25  Extractor  
  63  4:26  Extractor  
  60  4:31  Drone x5  
  65  4:39  Overlord  
  65  4:43  Roach x3  
  71  4:46  Overlord  
  71  4:49  Drone x2  
  71  4:50  Drone  
  74  4:53  Spore Crawler  
  74  4:54  Drone  
  74  4:57  Spore Crawler  
  74  4:59  Roach  
  75  5:00  Roach  
  75  5:06  Spore Crawler  
  76  5:07  Roach  
  76  5:11  Overlord  
  76  5:17  Glial Reconstitution  
  76  5:20  Zergling x6  
  78  5:23  Drone  
  78  5:24  Extractor, Drone x2  
  78  5:27  Zergling x4  
  82  5:31  Overlord  
  82  5:32  Overseer  
  82  5:35  Drone  
  81  5:36  Extractor, Zergling x4  
  81  5:38  Overlord  
  81  5:41  Drone x3  
  85  5:43  Roach x3  
  85  5:46  Roach  
  85  5:47  Roach  
  95  5:54  Roach x2  
  95  5:55  Roach  
  101  6:02  Overlord x2  
  101  6:06  Roach x3  
  107  6:15  Drone x2  
  114  6:32  Overlord  
  114  6:34  Roach x5  
  114  6:36  Ravager  
  114  6:37  Ravager x6  
  125  6:40  Baneling Nest, Overlord x3  
  125  6:44  Overlord  
  124  6:48  Overlord  
  124  6:58  Roach  
  124  6:59  Zergling x8, Roach x4  
  138  7:06  Ravager x3  
  138  7:07  Roach x2  
  145  7:11  Roach x2  
  148  7:16  Overlord  
  148  7:19  Zergling x12  
  154  7:30  Roach x3  
  162  7:37  Ravager x3  
  162  7:41  Zergling x10  
  162  7:42  Zergling x6  
  170  7:49  Roach x2  
  159  7:53  Ravager  
  159  7:56  Baneling x7  
  159  7:57  Baneling  
  159  7:58  Zergling x4  
  160  8:01  Baneling x2  
  160  8:03  Zergling x10  
  164  8:08  Baneling  
  164  8:09  Baneling x3  
  151  8:13  Roach  
  151  8:14  Roach x2  
  153  8:20  Roach  
  153  8:21  Roach x3  
  140  8:42  Zergling x2  
  140  8:43  Zergling x28  
  140  8:47  Ravager x2  
  136  8:56  Roach  
  136  8:57  Roach x2  
  136  9:01  Baneling, Roach x2  
  136  9:02  Baneling x9  
  144  9:05  Roach x3  
  144  9:09  Zergling x2, Roach x2  
  148  9:12  Zergling x2, Roach  
Show
View Real Time Build Order
Export as new Build Order

Hellraiser Protoss 

Build Orders: 1 Gate Expand 

Get SALT Encoding   

  12  0:00  Probe  
  13  0:12  Probe  
  14  0:19  Pylon  
  14  0:24  Probe (Chrono Boost)  
  15  0:37  Gateway  
  15  0:38  Probe (Chrono Boost)  
  16  0:45  Probe (Chrono Boost)  
  16  0:47  Assimilator  
  17  0:52  Probe  
  18  1:04  Probe  
  19  1:17  Probe  
  20  1:24  Cybernetics Core  
  20  1:33  Nexus  
  20  1:37  Probe  
  21  1:43  Pylon  
  21  1:49  Probe  
  21  1:52  Assimilator  
  22  1:59  Stalker (Chrono Boost)  
  22  2:03  Probe (Chrono Boost)  
  25  2:15  Probe (Chrono Boost)  
  26  2:20  Probe (Chrono Boost)  
  27  2:33  Robotics Facility, Warp Gate  
  27  2:35  Adept  
  30  2:38  Probe (Chrono Boost)  
  30  2:45  Probe (Chrono Boost)  
  32  2:54  Probe (Chrono Boost)  
  32  2:55  Probe (Chrono Boost)  
  33  3:00  Probe (Chrono Boost)  
  33  3:01  Probe  
  33  3:05  Adept  
  37  3:12  Probe  
  38  3:13  Probe  
  38  3:17  Immortal (Chrono Boost)  
  43  3:22  Gateway  
  43  3:24  Probe  
  44  3:28  Pylon  
  44  3:30  Probe  
  45  3:36  Probe  
  46  3:46  Probe, Immortal (Chrono Boost)  
  46  3:48  Probe  
  48  3:54  Pylon  
  52  3:58  Probe  
  52  4:00  Probe  
  54  4:04  Assimilator  
  54  4:05  Assimilator  
  54  4:08  Pylon  
  54  4:12  Robotics Bay, Probe  
  54  4:15  Warp Prism (Chrono Boost)  
  55  4:18  Probe  
  58  4:24  Probe  
  58  4:25  Pylon  
  57  4:40  Gateway  
  57  4:41  Gateway  
  57  4:43  Probe  
  57  4:44  Observer (Chrono Boost)  
  57  4:48  Gateway  
  57  4:49  Gateway, Probe  
  57  4:52  Sentry x2  
  62  4:58  Pylon  
  62  5:02  Disruptor (Chrono Boost)  
  62  5:05  Gravitic Drive  
  65  5:08  Pylon  
  65  5:16  Sentry x2  
  65  5:20  Gateway  
  69  5:23  Gateway  
  69  5:28  Disruptor (Chrono Boost)  
  72  5:40  Sentry  
  72  5:42  Pylon, Stalker, Zealot x2  
  80  5:53  Disruptor (Chrono Boost)  
  80  5:57  Pylon  
  83  5:58  Pylon  
  83  6:00  Stalker  
  83  6:01  Zealot  
  87  6:14  Sentry, Stalker  
  87  6:15  Zealot x2  
  87  6:16  Observer  
  95  6:20  Pylon  
  95  6:31  Immortal (Chrono Boost)  
  95  6:35  Pylon  
  95  6:37  Pylon  
  95  6:39  Stalker x2  
  103  6:44  Stalker x2  
  107  6:55  Sentry, Stalker  
  107  6:56  Zealot  
  113  7:07  Adept x4  
  121  7:17  Pylon  
  121  7:35  Adept x8  
  126  7:56  Stalker x5  
  136  8:18  Stalker x3  
  138  8:20  Stalker x3  
  138  8:22  Stalker  
  128  8:43  Stalker x5  
  119  8:59  Stalker x3  
  113  9:11  Stalker x3  
  119  9:23  Adept x3  

Tags
 
Add a new tag
Caveats
  • Supply blocks, unpowered buildings, or Contaminate may cause inaccurate times.
  • Supply counts are checked every 10 seconds.